 Dungeon Crawl Stone Soup version 0.32-a0-42-ga30500b4d3 (webtiles) character file.

Game seed: 8112195859069546475

569 cforsyth the Trooper (level 7, -2/72 (82) HPs)
             Began as a Djinni Warper on Feb 3, 2024.
             Slain by a wight
             ... wielding a +2 short sword of freezing
              (5 damage)
             ... on level 5 of the Dungeon.
             The game lasted 00:06:21 (5559 turns).

cforsyth the Trooper (Djinni Warper)                Turns: 5559, Time: 00:06:22

HP:   -2/72 (82)    AC:  6    Str: 10    XL:     7   Next: 60%
Gold: 209           EV: 11    Int: 17    God:
                    SH:  0    Dex: 12

rFire   + + .        a - +0 falchion
rCold   . . .        (no shield)
rNeg    . . .        b - +0 leather armour
rPois   ∞            (no helmet)
rElec   .            f - +2 cloak
rCorr   .            (no gloves)
SInv    +            (boots unavailable)
Will    .....        (no amulet) Stlth
                     n - ring of see invisible
HPRegen 0.32/turn    t - ring of protection from cold
MPRegen 0.00/turn

%: infuse magic (-3 HP)
@: berserking, flying, heavily drained, very quick
A: sickness immunity, fire resistance 2, cold vulnerability 1, float, innate
caster, HP casting, extra vitality 1
a: no special abilities


You were on level 5 of the Dungeon.
You visited 2 branches of the dungeon, and saw 7 of its levels.

You collected 209 gold pieces.

Inventory:

Hand Weapons
 a - a +0 falchion (weapon)
Missiles
 d - 6 poisoned darts (quivered)
Armour
 b - a +0 leather armour (worn)
 f - a +2 cloak (worn)
Jewellery
 n - a ring of see invisible (left hand)
 t - a ring of protection from cold (right hand)
Scrolls
 c - a scroll of blinking
 h - a scroll of amnesia {unknown}
 j - 3 scrolls of teleportation {unknown}
 k - a scroll of brand weapon {unknown}
 o - 2 scrolls of revelation {unknown}
 p - a scroll of enchant armour {unknown}
 r - 2 scrolls of immolation {unknown}
 s - 3 scrolls of identify {unknown}
 w - a scroll of enchant weapon {unknown}
 x - a scroll of fear {unknown}
 y - a scroll of vulnerability {unknown}
Potions
 e - a potion of cancellation {unknown}
 g - 3 potions of curing
 i - a potion of heal wounds {unknown}
 l - 2 potions of berserk rage
 m - 3 potions of magic {unknown}
 q - a potion of haste {unknown}
 u - a potion of attraction {unknown}
 v - a potion of resistance {unknown}


   Skills:
 + Level 5.8 Fighting
 - Level 1.7 Long Blades
 - Level 0.7 Throwing
 - Level 1.0 Armour
 - Level 2.1 Dodging
 + Level 5.0 Spellcasting
 + Level 5.0 Conjurations
 + Level 5.0 Hexes
 + Level 5.0 Summonings
 + Level 5.0 Necromancy
 + Level 5.0 Translocations
 + Level 5.0 Fire Magic
 + Level 5.0 Ice Magic
 + Level 5.0 Air Magic
 + Level 5.0 Earth Magic
 + Level 5.0 Alchemy


You knew the following spells:

 Your Spells              Type           Power      Damage    Failure   Level
a - Blink                 Tloc           42%        N/A       3%          2
b - Lesser Beckoning      Tloc           42%        N/A       3%          2
c - Teleport Other        Tloc           21%        N/A       8%          3
d - Manifold Assault      Tloc           21%        N/A       24%         4
e - Vhi's Electric Charg  Tloc/Air       42%        N/A       24%         4
f - Kiss of Death         Conj/Necr      84%        2d11      2%          1
g - Jinxbite              Hex            42%        N/A       3%          2
h - Fugue of the Fallen   Necr           21%        N/A       8%          3
Your spell library was empty.

Dungeon Overview and Level Annotations

Branches:
Dungeon (6/15)             Temple (1/1) D:5

Altars:
Ashenzari
Cheibriados
Dithmenos
Fedhas
Gozag
Hepliaklqana
Makhleb
Nemelex Xobeh
Okawaru
Qazlal
Ru
Trog
Uskayaw
Xom
Yredelemnul
Zin
The Shining One

Annotations:
D:2 1 runed translucent door, Crazy Yiuf
D:4 1 transporter


Innate Abilities, Weirdness & Mutations

You are immune to sickness and miasma.
You are immune to poison.
Your flesh is very heat resistant. (rF++)
You are vulnerable to cold. (rC-)
You float through the air rather than walking.
You learn spells naturally, not from books.
Your magical power is your life essence.
You have superior vitality. (+4 MHP)


Message History

You are too injured to fight recklessly!
You are too injured to fight recklessly!
You are too injured to fight recklessly!
You are too injured to fight recklessly!
You are too injured to fight recklessly!
You hit the wight but do no damage. Your punch misses the wight.
The wight is heavily damaged.
The wight hits you with a +2 short sword of freezing!
* * * LOW HITPOINT WARNING * * *
The wight freezes you.
* * * LOW HITPOINT WARNING * * *
You hit the wight.
The wight is heavily damaged.
The wight hits you with a +2 short sword of freezing.
* * * LOW HITPOINT WARNING * * *
The wight freezes you.
* * * LOW HITPOINT WARNING * * *
You barely miss the wight. Your punch misses the wight.
The wight is heavily damaged.
The wight barely misses you.
You hit the wight.
The wight is severely damaged.
The wight hits you with a +2 short sword of freezing.
* * * LOW HITPOINT WARNING * * *
The wight freezes you.
* * * LOW HITPOINT WARNING * * *
The wight closely misses you.
You hit the wight.
The wight is severely damaged.
The wight barely misses you.
It was a potion of curing.
You feel better.
The wight hits you with a +2 short sword of freezing.
* * * LOW HITPOINT WARNING * * *
The wight freezes you.
* * * LOW HITPOINT WARNING * * *
It was a potion of berserk rage.
A red film seems to cover your vision as you go berserk!
You feel yourself moving faster!
You feel mighty!
The wight hits you with a +2 short sword of freezing.
You die...

#.#.####.#.....# #########.#
#.#....#.#.###.###.........#
#†####.#...# #.........#####
#.# #.#.#.###[#.#.###.# #.#
#.#.#.....##..###.##
#.####.#.....#####......#
#.............###.#.....#
######.#####...#........#
#........z@##.###.....#
#.##.########.# #.....#
#.##.# #.#####..## #.##(#
#........# #.##.# #######.##
#.##.####### #.#
#.##.......# #.#
#.########.########.# #.#
#.#......>.#


You could see a wight.

Vanquished Creatures
  A water moccasin (D:5)
  A phantom (D:5)
  A bombardier beetle (D:5)
  3 hounds
  Jessica (D:3)
  3 iguanas (D:5)
  8 adders
  A dart slug (D:4)
  2 ribbon worms
  7 orcs
  5 endoplasms
  4 giant cockroaches
  8 goblins
  3 hobgoblins
  4 jackals
  8 kobolds
  4 quokkas
  9 ball pythons
  5 bats
  2 frilled lizards
  2 rats
82 creatures vanquished.

Notes
Turn   | Place    | Note
-------+----------+-------------------------------------------
     0 | D:1      | cforsyth the Djinni Warper began the quest for the Orb.
     0 | D:1      | cforsyth set off with the following spells memorised:
                  | Blink, Lesser Beckoning, Teleport Other, Manifold Assault,
                  | Vhi's Electric Charge.
     0 | D:1      | Reached XP level 1. HP: 18/18 MP: 0/0
   133 | D:1      | Reached XP level 2. HP: 20/23 MP: 0/0
   578 | D:2      | Reached XP level 3. HP: 29/29 MP: 0/0
   578 | D:2      | Learned a level 1 spell: Kiss of Death
   991 | D:2      | Reached XP level 4. HP: 26/35 MP: 0/0
  1159 | D:2      | Found a runed translucent door.
  1160 | D:2      | Noticed Crazy Yiuf
  1418 | D:3      | Noticed Jessica
  1994 | D:3      | Killed Jessica
  1995 | D:3      | Reached XP level 5. HP: 37/41 MP: 0/0
  1995 | D:3      | Learned a level 2 spell: Jinxbite
  3175 | D:4      | You are sucked into a shaft and drop 2 floors!
  3179 | D:6      | Noticed an orc warrior
  3179 | D:6      | Noticed a water moccasin
  3185 | D:5      | Entered Level 5 of the Dungeon
  3365 | D:4      | Reached XP level 6. HP: 25/47 MP: 0/0
  3736 | D:4      | Found a snail-covered altar of Cheibriados.
  3737 | D:4      | Found a bloodstained altar of Trog.
  3878 | D:4      | Found a sparkling altar of Nemelex Xobeh.
  3878 | D:4      | Found a transporter.
  3878 | D:4      | Noticed a hornet
  4510 | D:5      | Reached skill level 5 in Fighting
  4594 | D:5      | Found a staircase to the Ecumenical Temple.
  4668 | D:5      | Reached XP level 7. HP: 21/54 MP: 0/0
  4668 | D:5      | Learned a level 3 spell: Fugue of the Fallen
  4708 | Temple   | Entered the Ecumenical Temple
  5321 | D:5      | Killed a water moccasin
  5322 | D:5      | Reached skill level 5 in Spellcasting
  5322 | D:5      | Reached skill level 5 in Conjurations
  5322 | D:5      | Reached skill level 5 in Hexes
  5322 | D:5      | Reached skill level 5 in Summonings
  5322 | D:5      | Reached skill level 5 in Necromancy
  5322 | D:5      | Reached skill level 5 in Translocations
  5322 | D:5      | Reached skill level 5 in Fire Magic
  5322 | D:5      | Reached skill level 5 in Ice Magic
  5322 | D:5      | Reached skill level 5 in Air Magic
  5322 | D:5      | Reached skill level 5 in Earth Magic
  5322 | D:5      | Reached skill level 5 in Alchemy
  5558 | D:5      | HP: 1/48 [wight/+2 short sword of freezing (3)]
  5559 | D:5      | Slain by a wight

Illustrated notes

Levels and vault maps discovered:
D:1:      evilmike_arrival_plus, layout_rooms, minmay_misc_feat_iff
D:2:      layout_loops_cross, uniq_crazy_yiuf_cottage
D:3:      layout_basic, uniq_jessica
D:4:      layout_basic, gammafunk_temple_overflow_statue,
          grunt_nemelex_the_gamble, serial_curves, eino_curves_01,
          eino_curves_02
D:5:      layout_loops_ring, minmay_temple_entry_nine_rooms
D:6:      layout_gridville
Temple:   nicolae_temple_no_exploring_needed

Skill      XL: |  1  2  3  4  5  6  7 |
---------------+----------------------+-----
Spellcasting   | 3 4 5 |  5.0
Conjurations   | 3 4 5 |  5.0
Hexes          | 3 4 5 |  5.0
Summonings     | 3 4 5 |  5.0
Necromancy     | 3 4 5 |  5.0
Translocations | 3 4 5 |  5.0
Fire Magic     | 3 4 5 |  5.0
Ice Magic      | 3 4 5 |  5.0
Air Magic      | 3 4 5 |  5.0
Earth Magic    | 3 4 5 |  5.0
Alchemy        | 3 4 5 |  5.0
Fighting       | 3 4 5 |  5.8
Long Blades    | |  1.7
Throwing       | |  0.7
Armour         | |  1.0
Dodging        | |  2.1

Action                     |  1- 3 |  4- 6 |  7- 9 || total
---------------------------+-------+-------+-------++-------
  Melee: Falchion          |   112 |   243 |    43 ||   398
         Punch             |     3 |     3 |       ||     6
  Throw: Dart              |     6 |     1 |       ||     7
   Cast: Jinxbite          |       |     2 |       ||     2
         Kiss of Death     |       |       |     2 ||     2
    Use: Potion            |       |       |     2 ||     2
   Stab: Sleeping          |     1 |       |       ||     1
 Armour: Leather armour    |    72 |   161 |    39 ||   272
  Dodge: Dodged            |    92 |   199 |    25 ||   316

Table legend: (Time is in decaauts)
 A = Elapsed time spent in this place.
 B = Non-inter-level travel time spent in this place.
 C = Inter-level travel time spent in this place.
 D = Time resting spent in this place.
 E = Time spent auto-exploring this place.
 F = Levels seen in this place.
 G = Mean time per level.
                   A        B        C        D        E       F      G
               +--------+--------+--------+--------+--------+-----+--------+
         Total |   5648 |   5406 |    242 |    341 |   4084 |   7 |  806.9 |
       Dungeon |   5628 |   5393 |    235 |    341 |   4084 |   6 |  938.0 |
        Temple |     19 |     13 |      6 |      0 |      0 |   1 |   19.0 |
               +--------+--------+--------+--------+--------+-----+--------+

Top non-repeatable levels by time:
     D:2: 1730 daAuts
     D:5: 1387 daAuts
     D:4: 1048 daAuts
     D:3: 879 daAuts
     D:1: 568 daAuts
  Temple: 19 daAuts
     D:6: 15 daAuts
